 Dungeon Crawl Stone Soup version 0.30-a0-715-gdb4ae3ece1 (webtiles) character file.

Game seed: 17570636007484244844

216 Dittersdorf the Trooper (level 5, -2/34 HPs)
             Began as a Gargoyle Fighter on Jan 23, 2023.
             Slain by a wyvern (9 damage)
             ... on level 4 of the Dungeon.
             The game lasted 00:06:27 (2628 turns).

Dittersdorf the Trooper (Gargoyle Fighter)          Turns: 2628, Time: 00:06:28

Health: -2/34      AC: 13    Str: 21    XL:     5   Next: 93%
Magic:  5/5        EV:  7    Int:  9    God:
Gold:   134        SH:  4    Dex:  9    Spells: 4/4 levels left

rFire   . . .      SeeInvis .    a - +0 flail
rCold   . . .      Faith    .    c - +0 buckler
rNeg    + + .      Spirit   .    h - +0 chain mail
rPois   ∞          Reflect  .    (no helmet)
rElec   +          Harm     .    (no cloak)
rCorr   .          Rampage  .    (no gloves)
Will    .....                    (no boots) Stlth
                                 (no amulet)
HPRegen 0.25/turn                q - ring of positive energy
MPRegen 0.09/turn                (no ring)

@: no status effects
A: sickness immunity, AC +4, negative energy resistance 1, electricity
resistance, torment resistance 1, petrification resistance
a: no special abilities


You were on level 4 of the Dungeon.
You visited 1 branch of the dungeon, and saw 4 of its levels.

You collected 134 gold pieces.

Inventory:

Hand Weapons
 a - a +0 flail (weapon)
Armour
 c - a +0 buckler (worn)
 h - a +0 chain mail (worn)
 p - a +0 plate armour
Jewellery
 q - a ring of positive energy (left hand)
Wands
 r - a wand of flame (3)
Scrolls
 e - 2 scrolls of identify {unknown}
 f - 2 scrolls of teleportation {unknown}
 k - a scroll of enchant weapon {unknown}
Potions
 b - 2 potions of lignification {unknown}
 d - 2 potions of might
 g - a potion of magic {unknown}
 j - 4 potions of heal wounds {unknown}
 l - 3 potions of curing {unknown}
 m - a potion of invisibility {unknown}
 n - a potion of haste {unknown}
 o - 2 potions of ambrosia {unknown}


   Skills:
 + Level 4.5 Fighting
 + Level 3.4 Maces & Flails
 + Level 4.5 Armour
 + Level 4.4 Shields


You had 4 spell levels left.
You didn't know any spells.
Your spell library contained the following spells:

 Spells                   Type           Power      Damage    Failure   Level
 Apportation              Tloc           0%         N/A       99%         1
 Necrotise                Necr           0%         1d4       99%         1
 Summon Small Mammal      Summ           0%         N/A       99%         1
 Gell's Gravitas          Tloc           0%         N/A       100%        3
 Ignite Poison            Fire/Tmut/Pois 0%         N/A       100%        3
 Inner Flame              Hex/Fire       0%         N/A       100%        3
 Spider Form              Tmut/Pois      0%         N/A       100%        3
 Teleport Other           Tloc           0%         N/A       100%        3
 Flame Wave               Conj/Fire      0%         2d4       100%        4
 Sticky Flame             Conj/Fire      0%         2d3       100%        4
 Yara's Violent Unravell  Hex/Tmut       0%         3d3       100%        5
 Dispersal                Tloc           0%         N/A       100%        6
 Necromutation            Tmut/Necr      0%         N/A       100%        8


Dungeon Overview and Level Annotations

Branches:
Dungeon (4/15)
 Temple: D:4-7

Altars:
Nemelex Xobeh

Annotations:
D:4 2 runed translucent doors


Innate Abilities, Weirdness & Mutations

You are immune to sickness and miasma.
Your stone body is resilient. (AC +4)
You are immune to poison.
You resist negative energy. (rN+)
You are resistant to electric shocks. (rElec)
You are resistant to unholy torment.
You are immune to petrification.


Message History

Throw: 4 darts (poison)
Press: ? - help, Q - select action, (/) - cycle Shift-Dir - straight line, f - wyvern
Aim: a wyvern (56% to hit)
You throw a poisoned dart.
The poisoned dart barely misses the wyvern.
Throw: 3 darts (poison)
Press: ? - help, Q - select action, (/) - cycle Shift-Dir - straight line, f/p - wyvern
Aim: a wyvern (56% to hit)
You throw a poisoned dart.
The poisoned dart closely misses the wyvern.
Throw: 2 darts (poison)
Press: ? - help, Q - select action, (/) - cycle Shift-Dir - straight line, f/p - wyvern
Aim: a wyvern (56% to hit)
You throw a poisoned dart. The poisoned dart hits the wyvern.
The wyvern is poisoned.
Throw: dart (poison)
Press: ? - help, Q - select action, (/) - cycle Shift-Dir - straight line, f/p - wyvern
Aim: a wyvern (poisoned, 56% to hit)
You throw a poisoned dart. The poisoned dart hits the wyvern.
The wyvern looks even sicker.
The wyvern bites you!
You sock the wyvern!
The wyvern is moderately wounded.
You block the wyvern's attack. The wyvern barely misses you.
You closely miss the wyvern.
The wyvern is moderately wounded.
The wyvern barely misses you. The wyvern bites you!
You closely miss the wyvern.
The wyvern is moderately wounded.
The wyvern bites you but does no damage. x2
You closely miss the wyvern.
The wyvern is heavily wounded.
The wyvern bites you.
The wyvern bites you but does no damage.
You barely miss the wyvern.
The wyvern is heavily wounded.
The wyvern bites you!
* * * LOW HITPOINT WARNING * * *
The wyvern bites you!
You die...

####....# #.....#.#
####..#.# #..#.# ##
#..#.### #.
##..#...#####
.#####.###
#............
.........#
#..########..
(...(.l@.###.##
.... ##.
.............# #..#
#. ######.#.###.#
#..# #. #.#.....#
#..# #. #.......#
#..# #.
#..####.####++####.
... #...8#..#8...
..## #...'....'...
... #...8####8...


You could see a wyvern (poisoned).

Vanquished Creatures
  A phantom (D:3)
  Ijyb (D:3)
  3 gnolls
  An adder (D:4)
  A worm (D:2)
  4 dart slugs
  An orc (D:3)
  5 bats
  4 endoplasms
  A giant cockroach (D:2)
  5 goblins
  2 hobgoblins (D:1)
  5 jackals (D:1)
  5 quokkas
  11 ball pythons
  3 frilled lizards
  9 kobolds
  7 rats
69 creatures vanquished.

Notes
Turn   | Place    | Note
-------+----------+-------------------------------------------
     0 | D:1      | Dittersdorf the Gargoyle Fighter began the quest for the
                  | Orb.
     0 | D:1      | Reached XP level 1. HP: 14/14 MP: 1/1
    13 | D:1      | Got the Codex of Forms
   132 | D:1      | Reached XP level 2. HP: 18/19 MP: 2/2
   413 | D:1      | Reached XP level 3. HP: 20/23 MP: 3/3
  1457 | D:3      | Reached XP level 4. HP: 29/29 MP: 4/4
  1824 | D:3      | Found a sparkling altar of Nemelex Xobeh.
  2119 | D:4      | Noticed Ijyb
  2119 | D:4      | Noticed a phantom
  2157 | D:3      | Killed Ijyb
  2226 | D:3      | Killed a phantom
  2227 | D:3      | Reached XP level 5. HP: 26/34 MP: 5/5
  2578 | D:4      | Found a large runed translucent door.
  2579 | D:4      | Found a large runed translucent door.
  2619 | D:4      | Noticed a wyvern
  2628 | D:4      | Slain by a wyvern

Illustrated notes

Levels and vault maps discovered:
D:1:      amcnicky_arrival_wind_blow, layout_loops_ring
D:2:      layout_loops_cross
D:3:      layout_basic, lemuel_round_altar, roderic_nine_men_s_morris,
          minivault_26
D:4:      layout_basic, jmf_multi_god_temple2, minmay_small_thing, uniq_ijyb,
          uniq_edmund

Skill      XL: |  1  2  3  4 |
---------------+-------------+-----
Fighting       | 4 |  4.5
Armour         | 4 |  4.5
Shields        | 4 |  4.4
Maces & Flails | 3 |  3.4

Action                     |  1- 3 |  4- 6 || total
---------------------------+-------+-------++-------
  Melee: Flail             |   131 |   127 ||   258
  Throw: Dart              |     1 |     4 ||     5
 Armour: Scale mail        |     4 |       ||     4
         Chain mail        |    76 |    76 ||   152
  Dodge: Dodged            |    57 |    41 ||    98
  Block: Buckler           |    31 |    25 ||    56

Table legend: (Time is in decaauts)
 A = Elapsed time spent in this place.
 B = Non-inter-level travel time spent in this place.
 C = Inter-level travel time spent in this place.
 D = Time resting spent in this place.
 E = Time spent auto-exploring this place.
 F = Levels seen in this place.
 G = Mean time per level.
                   A        B        C        D        E       F      G
               +--------+--------+--------+--------+--------+-----+--------+
         Total |   2712 |   2618 |     94 |    237 |   1692 |   4 |  678.0 |
       Dungeon |   2712 |   2618 |     94 |    237 |   1692 |   4 |  678.0 |
               +--------+--------+--------+--------+--------+-----+--------+

Top non-repeatable levels by time:
     D:3: 1107 daAuts
     D:1: 684 daAuts
     D:2: 636 daAuts
     D:4: 285 daAuts
